 Dungeon Crawl Stone Soup version 0.19-a0-1922-g1e9a4c1 (webtiles) character file.

98 dobroeutro the Shooter (level 4, -6/38 HPs)
             Began as a Centaur Hunter on Oct 24, 2016.
             Killed by nerve-wracking pain
             ... invoked by an orc priest
              (11 damage)
             ... on level 3 of the Dungeon.
             The game lasted 00:02:44 (2138 turns).

dobroeutro the Shooter (Centaur Hunter)             Turns: 2138, Time: 00:02:45

Health: -6/38      AC:  5    Str: 15    XL:     4   Next: 44%
Magic:  4/4        EV:  9    Int: 10    God:
Gold:   62         SH:  0    Dex: 10    Spells: 0 memorised, 3 levels left

rFire  . . .     SeeInvis .     a - +1 shortbow
rCold  + . .     Gourm    .     l - +0 leather armour {rC+}
rNeg   . . .     Faith    .     (shield currently unavailable)
rPois  .         Spirit   .     (no helmet)
rElec  .         Reflect  .     (no cloak)
rCorr  .         Harm     .     i - +0 pair of gloves
MR     .....                    (no barding)
Stlth  +.........               (no amulet)
                                (no ring)
                                (no ring)

@: lethally poisoned (-6 -> -14), very quick
A: hooves 3, deformed body, speed 2, tough skin 3
a: no special abilities


You were on level 3 of the Dungeon.
You were hungry.

You visited 1 branch of the dungeon, and saw 4 of its levels.

You collected 62 gold pieces.

Inventory:

Hand Weapons
 a - a +1 shortbow (weapon)
 n - a +0 rapier
Missiles
 d - 50 arrows (quivered)
Armour
 c - a +0 leather armour
 i - a +0 pair of gloves (worn)
 l - a +0 leather armour of cold resistance (worn)
Wands
 o - a wand of paralysis (10/24)
 q - a wand of lightning (7/15)
Scrolls
 e - 2 scrolls of recharging {unknown}
 h - a scroll of blinking {unknown}
 j - 2 scrolls of random uselessness {unknown}
 k - 6 scrolls of identify {unknown}
Potions
 g - a potion of lignification {unknown}
Comestibles
 b - a meat ration
 f - 4 bread rations
 m - a royal jelly
 p - a beef jerky


   Skills:
 + Level 3.3 Fighting
 - Level 1.0 Short Blades
 + Level 6.4 Bows
 + Level 0.4 Armour
 - Level 1.3 Dodging
 - Level 0.4 Stealth


You had 3 spell levels left.
You didn't know any spells.

Dungeon Overview and Level Annotations

Branches:
Dungeon (4/15)
 Temple: D:4-7

Altars:


Innate Abilities, Weirdness & Mutations

You have hooves in place of feet.
Armour fits poorly on your strangely shaped body.
You cover ground very quickly.
You have extremely tough skin. (AC +3)


Message History

You are too injured to fight recklessly!
You are too injured to fight recklessly!
Wield which item (- for none, * to show all)? (? for menu, Esc to quit)
a - a +1 shortbow (weapon)
The orc priest looks encouraged for a moment.
Firing (i - inventory):
d - 51 arrows (quivered)
Press: ? - help, Shift-Dir - straight line, f - orc priest
Aim: an orc priest, wielding a flail of venom and wearing a leather armour (moderately wounded)
You shoot an arrow.
The arrow closely misses the orc priest.
The orc priest hits you with a flail of venom.
* * * LOW HITPOINT WARNING * * *
You are lethally poisoned!
* * * LOW HITPOINT WARNING * * *
You feel sick.
* * * LOW HITPOINT WARNING * * *
You feel sick.
The orc priest invokes the aid of Beogh against you.
Pain shoots through your body!
You die...

######## #......# #.####.#
#.# #.# ###.####.#
#.....##.# #.#...##@#
###.######.################
#........>.................
#.#.....o...........#....†.
#.#######.####......#....#.
#.#........................
#.#.##########......#....#.
#.#.#.....# #.............
#.#.#.#...####......#<...##


You could see an orc priest.

Vanquished Creatures
  Ijyb (D:3)
  3 adders
  An ooze (D:1)
  2 leopard geckos
  3 giant cockroaches
  7 goblins
  4 hobgoblins
  2 kobolds
  3 ball pythons
  7 bats
  5 frilled lizards
  3 rats
41 creatures vanquished.

Notes
Turn   | Place    | Note
-------+----------+-------------------------------------------
     0 | D:1      | dobroeutro the Centaur Hunter began the quest for the Orb.
     0 | D:1      | Reached XP level 1. HP: 17/17 MP: 1/1
   389 | D:1      | Reached XP level 2. HP: 25/25 MP: 2/2
  1117 | D:2      | Reached XP level 3. HP: 30/30 MP: 3/3
  1451 | D:2      | Reached skill level 6 in Bows
  1469 | D:2      | Reached skill level 1 in Short Blades
  1745 | D:3      | Reached XP level 4. HP: 38/38 MP: 4/4
  1962 | D:3      | Noticed Ijyb
  1982 | D:3      | Killed Ijyb
  2138 | D:3      | Killed from afar by an orc priest

Vault maps used:
D:1:      lemuel_arrival_rhombus
D:2:      serial_bayou_pond_d
D:3:      uniq_iyjb
D:4:      nicolae_tso_carved_into_rock, st_stairs_3, uniq_menkaure, uniq_pikel

Skill      XL: |  1  2  3 |
---------------+----------+-----
Bows           | 6 |  6.4
Fighting       | 3 |  3.3
Short Blades   | 1 |  1.0
Armour         | |  0.4
Dodging        | |  1.3
Stealth        | |  0.4

Action                   |  1- 3 |  4- 6 || total
-------------------------+-------+-------++-------
Melee: Short sword       |   112 |       ||   112
       Kick              |    20 |     5 ||    25
       Rapier            |    25 |    41 ||    66
 Fire: Shortbow          |     7 |     1 ||     8
  Eat: Chunk             |     1 |     1 ||     2
Armor: Leather armour    |    73 |    16 ||    89
Dodge: Dodged            |   104 |    19 ||   123
